 Dungeon Crawl Stone Soup version 0.28-a0-1143-gcf6077d4cc (webtiles) character file.

Game seed: 5690096698029206131

20 mcbry74 the Scratcher (level 2, -1/12 HPs)
             Began as a Felid Transmuter on Dec 13, 2021.
             Slain by Natasha (6 damage)
             ... on level 2 of the Dungeon.
             The game lasted 00:04:59 (1729 turns).

mcbry74 the Scratcher (Felid Transmuter)            Turns: 1729, Time: 00:04:59

Health: -1/12      AC:  1    Str:  6    XL:     2   Next: 58%
Magic:  5/6        EV: 17    Int: 14    God:
Gold:   26         SH:  0    Dex: 16    Spells: 4/5 levels left
                                        Lives:  0   Deaths: 0

rFire   . . .      SeeInvis +     - Unarmed
rCold   . . .      Faith    .   (shield unavailable)
rNeg    . . .      Spirit   .   (armour unavailable)
rPois   +          Reflect  .   (helmet unavailable)
rElec   .          Harm     .   (cloak unavailable)
rCorr   .          Rampage  .   (gloves unavailable)
Will    .....                   (boots unavailable)
Stlth   ++........              (no amulet)
HPRegen 0.04/turn               c - ring of poison resistance
MPRegen 0.10/turn               (no ring)

@: appendages, quick
A: horns 2, very small, claws 1, fangs 3, see invisible, speed 1, shaggy fur 1,
stealthy paws, no weapons or thrown items, no armour, multi-lived
a: End Transformation


You were on level 2 of the Dungeon.
You had temporarily grown beastly horns.
You visited 1 branch of the dungeon, and saw 2 of its levels.

You collected 26 gold pieces.

Inventory:

Missiles
 f - 14 poisoned darts
Jewellery
 c - a ring of poison resistance (left paw)
Scrolls
 b - a scroll of identify {unknown}
 d - a scroll of amnesia {unknown}
Potions
 a - 2 potions of lignification {unknown}
 e - a potion of ambrosia {unknown}


   Skills:
 - Level 1.0 Fighting
 - Level 2.6 Dodging
 + Level 1.8 Stealth
 * Level 3.6 Unarmed Combat
 - Level 2.0 Spellcasting
 - Level 2.1 Transmutations


You had 4 spell levels left.
You knew the following spells:

 Your Spells              Type           Power      Damage    Failure   Level
a - Beastly Appendage     Tmut           14%        N/A       10%         1

Your spell library contained the following spells:

 Spells                   Type           Power      Damage    Failure   Level
 Wereblood                Tmut           7%         N/A       14%         2
 Magic Dart               Conj           4%         1d3       24%         1
 Searing Ray              Conj           2%         2d4       34%         2
 Spider Form              Tmut/Pois      4%         N/A       41%         3
 Ice Form                 Ice/Tmut       4%         N/A       83%         4
 Fulminant Prism          Conj/Hex       0%         3d6       93%         4


Dungeon Overview and Level Annotations

Branches:
Dungeon (2/15)

Altars:

Annotations:
D:2 Natasha


Innate Abilities, Weirdness & Mutations

You have temporarily grown beastly horns.
You have sharp claws.
You have razor-sharp teeth.
You have supernaturally acute eyesight. (SInv)
You cover ground quickly. (Speed+)
You are covered in fur. (AC +1)
Your paws help you pounce on unaware monsters.
You are incapable of wielding weapons or throwing items.
You cannot wear armour.
You gain extra lives every three experience levels.


Message History

You scratch the rat.
You kill the rat!
You see here a rat corpse.
A ball python comes into view.
The ball python hisses angrily.
Found a scale mail.
You now have 26 gold pieces (gained 9).
You closely miss the ball python. You bite the ball python.
The ball python is severely wounded.
The ball python bites you. The ball python grabs you.
The ball python constricts you. The ball python barely misses you.
The ball python constricts you.
You closely miss the ball python. You bite the ball python.
You kill the ball python!
You start resting.
HP restored.
You see here a +0 scale mail.
Found 14 poisoned darts.
Found a club.
Found a stone staircase leading down.
A frilled lizard comes into view.
You see here 14 poisoned darts.
f - 14 poisoned darts The frilled lizard hisses angrily.
You scratch the frilled lizard but do no damage.
The frilled lizard completely misses you.
You scratch the frilled lizard.
You kill the frilled lizard!
Natasha, Servant of Life and Death comes into view.
Casting: Beastly Appendage (safe; 10% risk of failure)
Confirm with . or Enter, or press ? or * to list all spells.
You grow a pair of large bovine horns.
Natasha barely misses you.
You claw Natasha!
Natasha is heavily wounded.
Natasha claws you!
Ouch! That really hurt!
You scratch Natasha.
Natasha is almost dead.
Natasha claws you.
Ouch! That really hurt!
You die...

......#..#.....
#####...)...######
####..........#
#....>.#.####.#
#.####.# #.# #.#
... #.# #.# #.#
#.# #.# .# #h#
#.###########@#
#.............#
###############


You could see Natasha.

Vanquished Creatures
  2 dart slugs (D:1)
  3 ball pythons
  2 quokkas (D:1)
  A bat (D:1)
  3 frilled lizards (D:2)
  2 goblins (D:1)
  3 kobolds (D:1)
  3 rats
19 creatures vanquished.

Notes
Turn   | Place    | Note
-------+----------+-------------------------------------------
     0 | D:1      | mcbry74 the Felid Transmuter began the quest for the Orb.
     0 | D:1      | Reached XP level 1. HP: 9/9 MP: 4/4
   750 | D:1      | Reached skill level 1 in Stealth
   860 | D:1      | Reached XP level 2. HP: 12/12 MP: 6/6
  1227 | D:1      | Found a faded altar of an unknown god.
  1725 | D:2      | Noticed Natasha
  1729 | D:2      | Slain by Natasha

Illustrated notes

Levels and vault maps discovered:
D:1:      dpeg_arrival_tiny_a, layout_loops_cross,
          nicolae_ecumenical_lake_church, kennysheep_decorative_pillar,
          minmay_pentomino_q2
D:2:      layout_basic, due_unseen_surprise, uniq_natasha

Skill      XL: |  1 |
---------------+----+-----
Stealth        | 1 |  1.8
Fighting       | |  1.0
Dodging        | |  2.6
Unarmed Combat | |  3.6
Spellcasting   | |  2.0
Transmutations | |  2.1

Action                   || total
-------------------------++-------
Melee: Unarmed           ||    54
       Bite              ||     3
 Cast: Beastly Appendage ||     2
 Stab: Sleeping          ||     3
Armor: Skin              ||     1
Dodge: Dodged            ||    33

Table legend: (Time is in decaauts)
 A = Elapsed time spent in this place.
 B = Non-inter-level travel time spent in this place.
 C = Inter-level travel time spent in this place.
 D = Time resting spent in this place.
 E = Time spent auto-exploring this place.
 F = Levels seen in this place.
 G = Mean time per level.
                   A        B        C        D        E       F      G
               +--------+--------+--------+--------+--------+-----+--------+
         Total |   1538 |   1519 |     19 |    577 |    615 |   2 |  769.0 |
       Dungeon |   1538 |   1519 |     19 |    577 |    615 |   2 |  769.0 |
               +--------+--------+--------+--------+--------+-----+--------+

Top non-repeatable levels by time:
     D:1: 1298 daAuts
     D:2: 239 daAuts
